 Dungeon Crawl Stone Soup version 0.27-a0-1154-gfdeffcb720 (webtiles) character file.

Game seed: 326540367249600580

75 chippings the Slasher (level 4, 0/26 (35) HPs)
             Began as a Mummy Gladiator on May 14, 2021.
             Slain by Purgy (1 damage)
             ... in a sewer.
             The game lasted 00:04:19 (2206 turns).

chippings the Slasher (Mummy Gladiator)             Turns: 2206, Time: 00:04:20

HP:   0/26 (35)     AC:  9    Str: 17    XL:     4   Next: 11%
MP:   4/4           EV:  7    Int:  7    God:
Gold: 100           SH:  0    Dex: 14    Spells: 3/3 levels left

rFire    x . .     SeeInvis +   b - +2 dagger (protect)
rCold    + . .     Faith    .   (no shield)
rNeg     + + +     Spirit   .   k - +0 chain mail
rPois    ∞         Reflect  .   c - +0 helmet
rElec    .         Harm     .   h - scarf {+Inv}
rCorr    .         Rampage  .   (no gloves)
Will     .....                  (no boots)
Stlth    ..........             (no amulet)
HPRegen  0.08/turn              j - ring of see invisible
MPRegen  0.09/turn              (no ring)

@: very slightly contaminated, very heavily drained
A: cold resistance 1, negative energy resistance 3, torment resistance 2, heat
vulnerability 1, no potions
a: Evoke Invisibility


You were in a sewer.
You visited 1 branch of the dungeon, and saw 3 of its levels.
You also visited: Sewer.

You collected 100 gold pieces.

Inventory:

Hand Weapons
 a - a +0 long sword
 b - a +2 dagger of protection (weapon)
Missiles
 m - 13 poisoned darts (quivered)
Armour
 c - a +0 helmet (worn)
 e - a +0 buckler
 h - a scarf of invisibility (worn)
 k - a +0 chain mail (worn)
 l - a +0 cloak
Magical Staves
 g - a staff of fire
 n - a staff of fire
Jewellery
 j - a ring of see invisible (left hand)
Scrolls
 f - 2 scrolls of identify {unknown}
 i - 2 scrolls of teleportation {unknown}
 o - a scroll of noise {unknown}


   Skills:
 + Level 3.0 Fighting
 - Level 3.3 Long Blades
 - Level 1.5 Throwing
 - Level 2.4 Dodging
 + Level 1.0 Evocations


You had 3 spell levels left.
You didn't know any spells.
Your spell library was empty.

Dungeon Overview and Level Annotations

Branches:
Dungeon (3/15)              Sewer (1/1)

Altars:
Makhleb

Annotations:
Sewer Purgy


Innate Abilities, Weirdness & Mutations

You are immune to poison.
Your flesh is cold resistant. (rC+)
You are immune to negative energy. (rN+++)
You are immune to unholy pain and torment.
You are vulnerable to heat. (rF-)
You do not drink.


Message History

Purgy is almost dead.
Purgy bites you but does no damage. Purgy claws you but does no damage. x2
You closely miss Purgy.
Purgy is almost dead.
Purgy bites you but does no damage. Purgy claws you but does no damage. x2
You hit Purgy.
Purgy is almost dead.
Purgy bites you but does no damage. Purgy claws you but does no damage.
Purgy claws you.
* * * LOW HITPOINT WARNING * * *
You closely miss Purgy.
Purgy is almost dead.
Purgy barely misses you. Purgy claws you but does no damage. Purgy claws you.
* * * LOW HITPOINT WARNING * * *
You aren't carrying any items that you can evoke.
Throw: 2 throwing nets
Press: ? - help, Q - select action, (/) - cycle Shift-Dir - straight line, f/p - Purgy
Aim: Purgy (almost dead, 50% to hit)
You throw a throwing net. The throwing net closely misses Purgy.
Purgy bites you but does no damage. Purgy claws you but does no damage. x2
Unknown command.
Throw: throwing net
Press: ? - help, Q - select action, (/) - cycle Shift-Dir - straight line, f/p - Purgy
Aim: Purgy (almost dead, 47% to hit)
You throw a throwing net. The throwing net barely misses Purgy.
Purgy closely misses you. Purgy claws you but does no damage.
Purgy barely misses you.
Throw: 15 darts (poison)
Press: ? - help, Q - select action, (/) - cycle Shift-Dir - straight line, f/p - Purgy
Aim: Purgy (severely wounded, 50% to hit)
You throw a poisoned dart. The poisoned dart closely misses Purgy.
Unknown command.
Throw: 14 darts (poison)
Press: ? - help, Q - select action, (/) - cycle Shift-Dir - straight line, f/p - Purgy
Aim: Purgy (severely wounded, 50% to hit)
You throw a poisoned dart. The poisoned dart closely misses Purgy.
Purgy bites you but does no damage. Purgy claws you.
* * * LOW HITPOINT WARNING * * *
Purgy claws you.
You die...

#.≈.
#≈..#
#.≈#
##≈.# #..
#≈.# #.
#..#
##.≈#
#≈..# #.
##≈.##
#..≈#≈..#
#(..T@##
#≈≈.≈≈#
##...##
#...
$.#≈#
#((#. ##
##


You could see Purgy.

Vanquished Creatures
  3 adders
  A worm (D:3)
  6 ball pythons
  2 endoplasms (D:1)
  3 giant cockroaches
  7 goblins
  6 jackals
  5 kobolds
  4 bats
  A frilled lizard (D:1)
  4 rats
42 creatures vanquished.

Notes
Turn   | Place    | Note
-------+----------+-------------------------------------------
     0 | D:1      | chippings the Mummy Gladiator began the quest for the Orb.
     0 | D:1      | Reached XP level 1. HP: 16/16 MP: 1/1
   419 | D:1      | Reached XP level 2. HP: 16/22 MP: 2/2
  1135 | D:2      | Reached XP level 3. HP: 28/28 MP: 3/3
  1171 | D:2      | Found a burning altar of Makhleb.
  1338 | D:2      | Found a faded altar of an unknown god.
  1919 | D:3      | Found a glowing drain.
  1958 | D:3      | Reached XP level 4. HP: 30/35 MP: 4/4
  2023 | Sewer    | Entered a sewer
  2061 | Sewer    | Reached skill level 1 in Evocations
  2168 | Sewer    | Noticed Purgy
  2206 | Sewer    | HP: 1/26 [Purgy (3)]
  2206 | Sewer    | Slain by Purgy

Illustrated notes

Levels and vault maps discovered:
D:1:      dpeg_arrival_short_road, layout_basic
D:2:      layout_basic, basic_altar, basic_ecumenical_altar
D:3:      layout_loops_corners, portal_sewer_entry_c, hangedman_glass_teeth,
          roderic_batcave
Sewer:    sewer_the_moccasin

Skill      XL: |  1  2  3  4 |
---------------+-------------+-----
Long Blades    | 3 |  3.3
Fighting       | 3 |  3.0
Evocations     | 1 |  1.0
Throwing       | |  1.5
Dodging        | |  2.4

Action                   |  1- 3 |  4- 6 || total
-------------------------+-------+-------++-------
Melee: Long sword        |    62 |       ||    62
       Dagger            |    43 |    56 ||    99
Throw: Throwing net      |       |     3 ||     3
       Dart              |       |     2 ||     2
 Abil: Evoke Invisibilit |       |     1 ||     1
 Stab: Invisible         |       |     2 ||     2
Armor: Leather armour    |    15 |       ||    15
       Chain mail        |    44 |    76 ||   120
Dodge: Dodged            |    53 |    36 ||    89
       Rpst.: Long sword |     7 |       ||     7

Table legend: (Time is in decaauts)
 A = Elapsed time spent in this place.
 B = Non-inter-level travel time spent in this place.
 C = Inter-level travel time spent in this place.
 D = Time resting spent in this place.
 E = Time spent auto-exploring this place.
 F = Levels seen in this place.
 G = Mean time per level.
                   A        B        C        D        E       F      G
               +--------+--------+--------+--------+--------+-----+--------+
         Total |   2217 |   2157 |     60 |      0 |   1490 |   4 |  554.2 |
       Dungeon |   2034 |   1974 |     60 |      0 |   1381 |   3 |  678.0 |
         Sewer |    182 |    182 |      0 |      0 |    109 |   1 |  182.0 |
               +--------+--------+--------+--------+--------+-----+--------+

Top non-repeatable levels by time:
     D:1: 1010 daAuts
     D:2: 747 daAuts
     D:3: 276 daAuts
   Sewer: 182 daAuts
